 Dungeon Crawl Stone Soup version 0.26.1-2-gb8aa6d0 (webtiles) character file.

Game seed: 3025130572746421624

26 Minkie the Magician (level 2, -3/13 HPs)
             Began as a Spriggan Conjurer on Apr 1, 2021.
             Slain by a centaur (5 damage)
             ... on level 2 of the Dungeon.
             The game lasted 00:05:56 (1242 turns).

Minkie the Magician (Spriggan Conjurer)             Turns: 1242, Time: 00:05:58

Health: -3/13      AC:  2    Str: -1    XL:     2   Next: 89%
Magic:  2/7        EV: 18    Int: 19    God:
Gold:   22         SH:  0    Dex: 14    Spells: 5/8 levels left

rFire    . . .     SeeInvis +   d - +0 short sword
rCold    . . .     Faith    .   (shield restricted)
rNeg     . . .     Spirit   .   a - +0 robe
rPois    .         Reflect  .   (helmet restricted)
rElec    .         Harm     .   (no cloak)
rCorr    .         Rampage  .   (gloves unavailable)
Will     .....                  (boots unavailable)
Stlth    ++........             (no amulet)
HPRegen  0.01/turn              f - -4 ring of strength (curse)
MPRegen  0.10/turn              (no ring)

@: slowed, lost strength, quick
A: very small, unfitting armour, see invisible, speed 3
a: no special abilities


You were on level 2 of the Dungeon.
You visited 1 branch of the dungeon, and saw 2 of its levels.

You collected 22 gold pieces.

Inventory:

Hand Weapons
 d - a +0 short sword (weapon)
Armour
 a - a +0 robe (worn)
Jewellery
 f - a cursed -4 ring of strength (left hand)
Scrolls
 c - 5 scrolls of identify
Potions
 b - a potion of heal wounds
 e - a potion of cancellation {unknown}
 g - a potion of might {unknown}


   Skills:
 - Level 3.0 Dodging
 - Level 3.0 Stealth
 + Level 3.6 Spellcasting
 + Level 3.3 Conjurations


You had 5 spell levels left.
You knew the following spells:

 Your Spells              Type           Power        Failure   Level
a - Magic Dart            Conj           64%          3%          1
b - Searing Ray           Conj           32%          5%          2

Your spell library contained the following spells:

 Spells                   Type           Power        Failure   Level
 Dazzling Flash           Conj/Hex       18%          22%         3
 Fulminant Prism          Conj/Hex       4%           56%         4
 Iskenderun's Mystic Bla  Conj/Tloc      9%           56%         4


Dungeon Overview and Level Annotations

Branches:
Dungeon (2/15)

Altars:


Innate Abilities, Weirdness & Mutations

You are very small and have problems with some larger weapons.
You are too small for most types of armour.
You have supernaturally acute eyesight. (SInv)
You cover ground extremely quickly.


Message History

The centaur shoots an arrow.
The arrow closely misses you.
Unknown command.
The searing ray hits the centaur.
The centaur is heavily wounded.
The centaur unwields a +0 shortbow.
The centaur misses you.
The searing ray hits the centaur!
The centaur is almost dead.
You finish channeling your searing ray.
The centaur barely misses you. The centaur closely misses you.
The centaur completely misses you.
The centaur drinks a potion.
The centaur is healed!
The centaur barely misses you. The centaur closely misses you.
The centaur barely misses you. The centaur misses you. x2
Aiming: Magic Dart (safe; 3% risk of failure)
Press: ? - help, Q - select action, (/) - cycle Shift-Dir - straight line, f/p - centaur
Aim: a centaur, quivering 22 arrows (moderately wounded, 0% to evade)
The magic dart hits the centaur.
The centaur is severely wounded.
The centaur misses you. The centaur hits you.
You die...

............ .
#........)..... #+#.
#.............# ...!.
#.............# .....
#...... #.....######....
#..$?..##...............
#......'.....(..........
##.....#..###...........
......c@.(# #...........
..........###.........#.
.....................>#.
).......#.#####......#..
...######............#..
## ############.#..
#.#.# #.#.# #.#.#


You could see a centaur.

Vanquished Creatures
  A dart slug (D:1)
  2 leopard geckos (D:1)
  4 giant cockroaches (D:1)
  2 goblins (D:1)
  A hobgoblin (D:1)
  3 kobolds
  4 bats (D:1)
  A frilled lizard (D:1)
  6 rats
24 creatures vanquished.

Notes
Turn   | Place    | Note
-------+----------+-------------------------------------------
     0 | D:1      | Minkie the Spriggan Conjurer began the quest for the Orb.
     0 | D:1      | Reached XP level 1. HP: 9/9 MP: 5/5
   225 | D:1      | Reached XP level 2. HP: 13/13 MP: 0/7
   514 | D:1      | Lost strength.
  1191 | D:2      | Noticed a centaur
  1216 | D:2      | Learned a level 2 spell: Searing Ray
  1242 | D:2      | Slain by a centaur

Illustrated notes

Levels and vault maps discovered:
D:1:      psy_arrival_basics, layout_basic, minmay_surrounded
D:2:      layout_basic, okawaru_trees_2, nrook_mini_backslash

Skill      XL: |  1 |
---------------+----+-----
Conjurations   | 3 |  3.3
Spellcasting   | 3 |  3.6
Dodging        | |  3.0
Stealth        | |  3.0

Action                   || total
-------------------------++-------
 Cast: Magic Dart        ||    62
       Searing Ray       ||     1
  Use: Scroll            ||     2
Armor: Robe              ||     3
Dodge: Dodged            ||    23
